Map: Altitude LE

Players

I.A. 1 (Muito fácil) - Winner!

  • Race: Zerg Zerg
  • Spawn Location: 1:00

JosueKujo

  • Race: Terran Terran
  • League: Diamond
  • Spawn Location: 7:00

VOD

Have the link to the VOD?

Description

Use the cyclone to kill the queens and hellions to kill the lings

Time

  • Played on: Aug. 6, 2023, 8:49 a.m.
  • Length: 5:17
Show
View Real Time Build Order
Export as new Build Order

I.A. 1 (Muito fácil) Zerg - Winner!

Build Orders: Pool Only 

Get SALT Encoding   

  12  0:01  Drone  
  13  0:12  Overlord  
  13  0:17  Drone  
  14  0:35  Spawning Pool  
  14  0:37  Extractor  
  14  0:39  Drone  
  13  0:46  Drone  
  14  0:52  Overlord  
  14  1:23  Queen, Zergling x2  
  17  1:30  Roach Warren  
  16  1:34  Drone  
  16  1:38  Extractor  
  16  1:43  Drone  
  17  1:51  Zergling x2  
  18  2:01  Drone  
  19  2:08  Drone  
  20  2:17  Drone  
  20  2:20  Zergling x2  
  22  2:27  Overlord  
  22  2:31  Drone  
  23  2:38  Drone  
  24  2:46  Drone  
  24  2:49  Roach  
  27  4:11  Zergling x2  
Show
View Real Time Build Order
Export as new Build Order

JosueKujo Terran 

Build Orders: Cyclone Opening 

Get SALT Encoding   

  12  0:01  SCV  
  13  0:13  SCV  
  14  0:18  Supply Depot  
  14  0:26  SCV  
  15  0:28  Refinery  
  15  0:39  SCV  
  16  0:46  Barracks  
  16  0:51  SCV  
  16  0:56  Refinery  
  17  1:04  SCV  
  18  1:16  SCV  
  19  1:28  SCV  
  20  1:34  Factory  
  20  1:36  Barracks Tech Lab  
  20  1:44  Orbital Command  
  20  1:51  Supply Depot  
  20  2:10  SCV  
  21  2:23  Cyclone, Infernal Pre-Igniter  
  21  2:25  SCV  
  21  2:29  Supply Depot  
  25  2:37  SCV  
  25  2:42  Barracks Reactor  
  26  2:49  SCV  
  27  2:55  Cyclone  
  30  3:01  SCV  
  31  3:06  Command Center  
  31  3:13  SCV  
  31  3:14  Supply Depot  
  32  3:25  SCV  
  33  3:27  Hellion  
  35  3:41  SCV  
  36  3:43  Starport  
  36  3:54  SCV  
  41  3:55  Hellion  
  41  3:56  Hellion  
  41  4:08  SCV  
  42  4:12  Supply Depot  
  42  4:18  Hellion x2  
  42  4:20  Orbital Command  
  42  4:22  Liberator  
  49  4:24  SCV  
  50  4:36  SCV  
  51  4:40  Hellion x2  
  55  4:48  SCV  
  55  4:49  SCV  
  57  5:00  SCV  
  62  5:12  Supply Depot  
  63  5:15  Command Center  
Tags
 
Add a new tag
Caveats
  • Supply blocks, unpowered buildings, or Contaminate may cause inaccurate times.
  • Supply counts are checked every 10 seconds.